Get step-by-step instructions on how to execute this build order below. Start the game timer, and the build order will tick by so you can play in parallel with StarCraft on a second screen or mobile device.

Game Time

  0:00

Last Step

  N/A

Next Step

Upcoming Step



Don't want to look back and forth between 2 screens? Try out our Overwolf App, the Spawning Tool Build Advisor to get an in-game overlay with this build!

Complete Build Order

  12  0:01  Drone  
  13  0:09  Drone  
  14  0:18  Overlord  
  14  0:44  Hatchery  
  14  0:49  Drone  
  14  0:56  Drone x2  
  16  1:13  Spawning Pool  
  16  1:15  Extractor  
  16  1:18  Drone  
  15  1:21  Drone  
  16  1:41  Drone x2  
  16  1:46  Drone  
  19  2:04  Queen  
  19  2:05  Queen  
  19  2:06  Drone  
  24  2:09  Drone  
  24  2:13  Overlord  
  26  2:15  Drone  
  26  2:19  Zergling x2  
  27  2:26  Metabolic Boost  
  27  2:29  Zergling x2  
  27  2:32  Drone  
  27  2:34  Drone  
  29  2:39  Zergling x2  
  29  2:41  Zergling x2  
  31  2:49  Zergling x2  
  31  2:50  Zergling x2  
  33  3:00  Zergling x2  
  33  3:02  Zergling x2  
  35  3:08  Lair  
  35  3:09  Zergling x2  
  36  3:21  Overlord  
  36  3:22  Overlord x3  
  36  3:42  Zergling x2  
  36  3:43  Zergling x2  
  36  3:46  Drone  
  39  3:50  Zergling x2  
  39  3:51  Zergling x2  
  39  3:53  Hatchery, Zergling x2  
  41  4:04  Zergling x6  
  41  4:07  Zergling x4  
  46  4:15  Zergling x2  
  46  4:16  Zergling x4  
  37  4:39  Zergling x6  
  37  4:40  Zergling x4  
  37  4:41  Zergling x4  
  42  4:51  Spire  
  42  4:52  Zergling x4  
  43  4:57  Baneling Nest  
  36  5:10  Zergling x2  
  36  5:11  Zergling x6  
  34  5:19  Spine Crawler  
  30  5:33  Zergling x8  
  30  5:34  Zergling x8  
  32  5:48  Zergling x2  
  33  5:51  Zergling x6  
  33  5:56  Baneling  
  33  5:57  Baneling x4  
  31  6:00  Zergling x2  
  29  6:05  Mutalisk  
  27  6:27  Extractor  
  27  6:28  Drone x3, Extractor  
  28  6:36  Mutalisk  
  29  6:55  Overlord x3  
  27  7:07  Drone x5  
  23  7:30  Drone  
  23  7:31  Drone  
  23  7:32  Drone x3  
  28  7:40  Zerg Flyer Weapons Level 1  
  28  7:43  Drone x2  
  30  7:51  Drone  
  31  7:54  Queen  
  33  7:59  Drone x2  
  35  8:06  Drone  
  35  8:11  Drone  
  37  8:16  Drone  
  37  8:17  Infestation Pit  
  37  8:21  Hatchery, Mutalisk  
  37  8:26  Drone  
  39  8:28  Drone  
  39  8:33  Drone x2  
  42  8:41  Mutalisk  
  42  8:43  Mutalisk  
  44  8:59  Mutalisk  
  46  9:03  Drone x5  
  46  9:04  Drone  
  50  9:12  Hive  
  50  9:17  Drone  
  50  9:18  Drone  
  50  9:19  Extractor, Drone  
  52  9:30  Mutalisk  
  54  9:39  Overseer  
  54  9:48  Mutalisk  
  54  9:49  Spore Crawler  
  54  9:50  Spine Crawler  
  54  9:51  Drone x2  
  56  9:53  Drone  
  57  10:04  Hatchery  
  56  10:08  Drone x4  
  56  10:09  Drone x2  
  56  10:10  Mutalisk  
  64  10:17  Mutalisk x2  
  68  10:22  Drone x3  
  67  10:40  Drone  
  67  10:41  Drone  
  67  10:42  Viper  
  69  10:48  Extractor  
  71  10:53  Extractor  
  70  10:57  Mutalisk  
  70  11:01  Zergling x16  
  70  11:03  Drone x2  
  82  11:17  Zerg Flyer Armor Level 1  
  82  11:21  Queen  
  82  11:22  Drone x2  
  86  11:29  Drone x2  
  86  11:32  Overlord x4  
  88  11:40  Centrifical Hooks  
  88  11:46  Hatchery  
  87  11:49  Viper  
  87  11:50  Viper  
  87  11:51  Mutalisk  
  95  11:59  Drone  
  95  12:00  Drone x5  
  101  12:03  Zergling x10  
  101  12:05  Baneling x4  
  101  12:06  Baneling x2  
  105  12:16  Mutalisk  
  105  12:17  Mutalisk, Zergling x2  
  85  12:33  Viper  
  85  12:34  Zergling x2  
  85  12:35  Zergling x4  
  78  12:46  Viper  
  78  12:47  Zergling x2  
  78  12:48  Mutalisk  
  71  13:14  Viper  
  71  13:15  Mutalisk  
  71  13:16  Zergling x6  
  71  13:17  Zergling x2  
  71  13:18  Drone x5  
  85  13:22  Spine Crawler  
  85  13:23  Extractor, Spine Crawler  
  85  13:25  Extractor  
  81  13:30  Overseer x2  
  81  13:35  Greater Spire  
  81  13:36  Drone x3  
  81  13:51  Mutalisk x2  
  81  13:53  Zergling x8  
  88  14:09  Overlord x2  
  88  14:10  Overlord  
  88  14:11  Overlord x5  
  88  14:23  Overlord x2  
  88  14:27  Queen  
  88  14:28  Hatchery  
  88  14:29  Drone x2  
  88  14:31  Corruptor x2  
  95  14:39  Drone, Evolution Chamber  
  95  14:40  Evolution Chamber  
  95  14:41  Ultralisk Cavern  
  93  14:51  Corruptor  
  95  14:56  Extractor, Drone  
  95  14:57  Drone x3  
  98  15:00  Extractor  
  98  15:02  Spine Crawler  
  98  15:03  Extractor  
  98  15:05  Extractor  
  94  15:12  Pneumatized Carapace  
  94  15:20  Mutalisk x3  
  100  15:22  Zergling x2  
  97  15:36  Mutalisk x3  
  101  16:03  Viper x2  
  97  16:06  Drone x4  
  97  16:07  Drone x2  
  103  16:20  Zergling x8  
  103  16:22  Ultralisk  
  103  16:23  Mutalisk, Zergling x6  
  118  16:29  Drone x4  
  122  16:36  Zerg Flyer Weapons Level 2  
  122  16:42  Drone x2  
  124  17:05  Zerg Melee Weapons Level 1, Zerg Ground Armor Level 1  
  124  17:10  Spine Crawler  
  124  17:11  Brood Lord  
  124  17:15  Corruptor  
  125  17:19  Drone  
  125  17:20  Drone  
  129  17:23  Spine Crawler  
  129  17:25  Hatchery  
  129  17:29  Drone  
  128  17:30  Drone x3  
  128  17:31  Drone  
  128  17:36  Viper  
  135  17:39  Viper  
  138  17:45  Corruptor  
  138  17:50  Drone x2  
  142  17:53  Baneling x3  
  142  17:54  Baneling x3  
  142  17:57  Drone  
  142  17:58  Drone  
  144  18:04  Mutalisk  
  146  18:06  Corruptor  
  94  18:41  Mutalisk  
  94  18:42  Mutalisk, Corruptor x4  
  94  18:43  Drone  
  94  18:44  Drone x3  
  97  18:51  Drone  
  78  19:00  Mutalisk x2  
  82  19:05  Brood Lord  
  82  19:09  Drone  
  86  19:10  Drone  
  86  19:21  Drone x3  
  89  19:36  Ultralisk  
  89  19:37  Zergling x4  
  89  19:38  Drone x2  
  95  20:02  Corruptor x2  
  95  20:03  Corruptor  
  95  20:04  Corruptor  
  95  20:05  Zergling x4  
  97  20:15  Brood Lord  
  97  20:23  Mutalisk x2  
  97  20:24  Zergling x2  
  97  20:26  Drone  
  97  20:45  Drone x3  
  97  20:49  Zerg Ground Armor Level 2, Zerg Melee Weapons Level 2  
  100  20:51  Zerg Flyer Armor Level 2  
  98  21:11  Brood Lord x2  
  98  21:12  Brood Lord, Viper  
  98  21:13  Viper  
  106  21:31  Corruptor x3  
  110  21:36  Drone x3  
  108  21:50  Spine Crawler  
  108  21:52  Spine Crawler  
  106  22:05  Hatchery  
  99  22:16  Mutalisk x2  
  99  22:18  Ultralisk  
  99  22:19  Corruptor  
  108  22:31  Corruptor x2  
  108  22:33  Zergling x2  
  110  23:05  Drone x3  
  113  23:08  Drone x2  
  113  23:09  Drone, Corruptor  
  113  23:12  Overlord x4  
  118  23:27  Extractor  
  118  23:28  Extractor  
  116  23:42  Overseer x2, Overlord x2  
  101  24:19  Spine Crawler  
  101  24:20  Extractor  
  101  24:21  Spine Crawler  
  94  24:25  Extractor, Brood Lord x4  
  94  24:27  Viper